 Dungeon Crawl Stone Soup version 0.22-a0-609-gfedc9ff77b (webtiles) character file.

123 Kholdaimon the Caller (level 5, -3/30 HPs)
             Began as a Tengu Summoner on July 10, 2018.
             Killed by divine providence
             ... invoked by an orc priest
              (15 damage)
             ... on level 3 of the Dungeon.
             The game lasted 00:19:59 (2844 turns).

Kholdaimon the Caller (Tengu Summoner)              Turns: 2844, Time: 00:19:59

Health: -3/30      AC:  1    Str:  9    XL:     5   Next: 7%
Magic:  8/9        EV: 12    Int: 16    God:
Gold:   229        SH:  0    Dex: 14    Spells: 3/9 levels left

rFire    . . .     SeeInvis .   b - +0 hand axe
rCold    . . .     Gourm    .   (no shield)
rNeg     . . .     Faith    .   q - +0 leather armour
rPois    .         Spirit   .   (helmet restricted)
rElec    .         Reflect  .   (no cloak)
rCorr    .         Harm     .   (no gloves)
MR       .....                  (boots unavailable)
Stlth    +++.......             (no amulet)
HPRegen  0.10/turn              n - ring of stealth
MPRegen  0.11/turn              t - -2 ring of protection (curse)

@: no status effects
A: beak, talons 3, able to fly 1
a: Fly


You were on level 3 of the Dungeon.
You were not hungry.

You visited 1 branch of the dungeon, and saw 3 of its levels.

You collected 229 gold pieces.

Inventory:

Hand Weapons
 b - a +0 hand axe (weapon)
 s - a cursed -2 spear
 w - a +0 halberd
Missiles
 e - 23 sling bullets
 h - 64 stones (quivered)
 j - 37 bolts
 m - a throwing net
Armour
 a - a +0 robe
 k - a cursed +0 ring mail
 p - a +4 chain mail
 q - a +0 leather armour (worn)
Jewellery
 n - a ring of stealth (left hand)
 t - a cursed -2 ring of protection (right hand)
Scrolls
 l - 2 scrolls of magic mapping
 o - a scroll of amnesia
 u - a scroll of teleportation
 v - a scroll of blinking
Potions
 d - a potion of invisibility
 f - 3 potions of curing
 i - a potion of lignification
 r - 2 potions of might
 x - a potion of mutation
Comestibles
 c - 7 rations
 g - 11 chunks of flesh


   Skills:
 + Level 1.6 Fighting
 - Level 3.0 Dodging
 - Level 2.0 Stealth
 + Level 2.6 Spellcasting
 * Level 5.9 Summonings
 * Level 1.8 Air Magic


You had 3 spell levels left.
You knew the following spells:

 Your Spells              Type           Power        Failure   Level  Hunger
b - Call Imp              Summ           ###.....     3%          2    ##.....
c - Summon Lightning Spi  Summ/Air       ##......     50%         4    #####..

Your spell library contained the following spells:

 Spells                   Type           Power        Failure   Level  Hunger
 Summon Small Mammal      Summ           ###.         2%          1    #......
 Summon Ice Beast         Ice/Summ       ##......     63%         4    #####..
 Call Canine Familiar     Summ           ###.....     8%          3    ###....
 Summon Guardian Golem    Hex/Summ       ##......     24%         3    ###....


Dungeon Overview and Level Annotations

Branches:
Dungeon (3/15)

Altars:
Ashenzari


Innate Abilities, Weirdness & Mutations

You have a beak for a mouth.
You have claws for feet.
You can fly.


Message History

Anything else - Cancel.
Gang up on whom?
Press: ? - help, Dir - move target cursor, f - orc
Aim: an orc, wielding a club, wearing a leather armour and wearing a dented beryl amulet Attack!
Your white imp gestures at the orc.
The puff of frost hits the orc.
The orc dies!
An orc priest comes into view. It is wielding a whip.
Your white imp gestures at the orc priest.
The puff of frost hits the orc priest.
c - 7 rations (gained 1)
You swap places.
You hit the orc priest. You peck the orc priest.
The orc priest is severely wounded.
The orc priest barely misses you.
The orc priest mumbles some strange prayers to Beogh against you.
Beogh smites you!
Ouch! That really hurt!
You die...

*,,,,,,,*,,,*,,,,,,,* #.....
*,,,,,,,',,,',,,,,,,######.....
*,,,,,,,#...*,,,,,,,#..........
**,,,,,*#...#*,,,,,*#.#########
**,,,**#..w#**,,,**#.# ####*
#...# ##### #.#
*#...#*#...###...###.#
**....$##...##.....##.#
*,......#...#o@.....#.#
*,.(....'.).†.5.....#.#
*,,,,...#..)#.......#.#
**,,,,,*#..)##.....##.#
**,,,**#..÷.##...##..# *****
####..#####..## ##......[##
#########


You could see an orc priest and a friendly white imp.

Vanquished Creatures
  A gnoll (D:3)
  An ooze (D:2)
  A dart slug (D:3)
  7 bats
  6 goblins
  5 hobgoblins
  4 jackals
  2 kobolds (D:1)
  2 frilled lizards
  6 rats
  2 fungi (D:1)
37 creatures vanquished.

Vanquished Creatures (collateral kills)
  3 gnolls (D:3)
  4 adders
  A worm (D:2)
  3 dart slugs (D:1)
  4 orcs (D:3)
  2 bats
  A giant cockroach (D:1)
  6 goblins
  6 hobgoblins
  6 jackals
  3 frilled lizards
  5 kobolds
  A rat (D:1)
45 creatures vanquished.

Grand Total: 82 creatures vanquished

Notes
Turn   | Place    | Note
-------+----------+-------------------------------------------
     0 | D:1      | Kholdaimon the Tengu Summoner began the quest for the Orb.
     0 | D:1      | Reached XP level 1. HP: 10/10 MP: 4/4
   102 | D:1      | Reached skill level 5 in Summonings
   108 | D:1      | Reached XP level 2. HP: 16/16 MP: 0/6
   129 | D:1      | Learned a level 2 spell: Call Imp
   457 | D:1      | Reached XP level 3. HP: 18/20 MP: 3/7
   474 | D:1      | Reached skill level 1 in Fighting
   837 | D:1      | You fall through a shaft!
  1473 | D:2      | Reached XP level 4. HP: 25/25 MP: 8/8
  1479 | D:2      | Learned a level 4 spell: Summon Lightning Spire
  2046 | D:3      | Reached skill level 1 in Air Magic
  2337 | D:3      | Found a shattered altar of Ashenzari.
  2713 | D:3      | Gained mutation: You can fly. [Tengu growth]
  2713 | D:3      | Reached XP level 5. HP: 6/30 MP: 3/9
  2844 | D:3      | Killed from afar by an orc priest

Vault maps used:
D:1:      onia_arrival_mini_maze_b, minmay_gold_behind_fungi
D:3:      kennysheep_six_static_rooms, ashenzari_altar_1

Skill      XL: |  1  2  3  4 |
---------------+-------------+-----
Summonings     | 5 |  5.9
Fighting       | 1 |  1.6
Air Magic      | 1 |  1.8
Dodging        | 3 |  3.0
Stealth        | |  2.0
Spellcasting   | |  2.6

Action                   |  1- 3 |  4- 6 || total
-------------------------+-------+-------++-------
Melee: Hand axe          |    72 |    38 ||   110
       Peck              |     9 |     3 ||    12
       Kick              |    14 |    11 ||    25
 Cast: Summon Small Mamm |     9 |       ||     9
       Call Imp          |    20 |    19 ||    39
  Use: Scroll            |       |    12 ||    12
 Stab: Sleeping          |     3 |     3 ||     6
       Distracted        |     1 |       ||     1
  Eat: Chunk             |     3 |     6 ||     9
Armor: Robe              |     9 |     5 ||    14
       Leather armour    |       |     2 ||     2
Dodge: Dodged            |    38 |    37 ||    75

Table legend:
 A = Spawn XP
 B = Non-spawn XP
 C = Spawn XP percentage of total XP
 D = Spawn monster count
 E = Non-spawn monster count
 F = Spawn count percentage of total count
 G = Total turns spent on level
                    A         B        C        D         E        F      G
               +---------+---------+-------+---------+---------+-------+---------
         Total |       0 |     177 |   0.0 |       0 |      80 |   0.0 |  2844
               +---------+---------+-------+---------+---------+-------+---------
           D:1 |       0 |      47 |   0.0 |       0 |      34 |   0.0 |  1024
           D:2 |       0 |      49 |   0.0 |       0 |      21 |   0.0 |   965
           D:3 |       0 |      81 |   0.0 |       0 |      25 |   0.0 |   855
               +---------+---------+-------+---------+---------+-------+---------
